 Dungeon Crawl Stone Soup version 0.30-a0-142-g7370640ec8 (webtiles) character file.

Game seed: 13829081399405780600

233 qw the Chopper (level 6, -6/38 HPs)
             Began as a Gargoyle Fighter on Sept 26, 2022.
             Mangled by an ogre
             ... wielding a +0 giant club
              (19 damage)
             ... on level 4 of the Dungeon.
             The game lasted 00:00:43 (2335 turns).

qw the Chopper (Gargoyle Fighter)                   Turns: 2335, Time: 00:00:43

Health: -6/38      AC: 11    Str: 21    XL:     6   Next: 5%
Magic:  6/6        EV:  9    Int:  9    God:
Gold:   190        SH:  4    Dex:  9    Spells: 5/5 levels left

rFire   . . .      SeeInvis +    Y - +1 war axe
rCold   . . .      Faith    .    c - +0 buckler
rNeg    + . .      Spirit   .    b - +0 scale mail
rPois   inf        Reflect  .    (no helmet)
rElec   +          Harm     .    (no cloak)
rCorr   .          Rampage  .    (no gloves)
Will    .....                    (no boots)
Stlth   ..........               (no amulet)
HPRegen 0.12/turn                f - ring of see invisible
MPRegen 0.10/turn                (no ring)

@: no status effects
A: sickness immunity, AC +4, negative energy resistance 1, electricity
resistance, torment resistance 1, petrification resistance
a: no special abilities


You were on level 4 of the Dungeon.
You visited 1 branch of the dungeon, and saw 4 of its levels.

You collected 190 gold pieces.


Innate Abilities, Weirdness & Mutations

You are immune to sickness and miasma.
Your stone body is resilient. (AC +4)
You are immune to poison.
You resist negative energy. (rN+)
You are resistant to electric shocks. (rElec)
You are resistant to unholy torment.
You are immune to petrification.


   Skills:
 - Level 4.1 Fighting
 - Level 5.2 Axes
 - Level 3.2 Armour
 + Level 0.0 Dodging
 - Level 3.2 Shields


You had 5 spell levels left.
You didn't know any spells.
Your spell library was empty.

Inventory:

Hand Weapons
 g - a +0 morningstar of protection
 Y - a +1 war axe (weapon)
Armour
 b - a +0 scale mail (worn)
 c - a +0 buckler (worn)
Jewellery
 f - a ring of see invisible (left hand)
Scrolls
 a - a scroll of identify
Potions
 d - 2 potions of might
 i - a potion of heal wounds
 j - a potion of curing
 l - a potion of brilliance {unknown}

Dungeon Overview and Level Annotations

Branches:
Dungeon (4/15)
 Temple: D:4-7

Altars:


Message History

You blink.
You slash the phantom!
The phantom is moderately damaged.
The phantom hits you. The phantom closely misses you.
You hit the phantom.
The phantom is heavily damaged.
The phantom hits you.
The phantom blinks!
You blink.
You slash the phantom!
The phantom is severely damaged.
Your surroundings suddenly seem different.
An ogre and an orc come into view.
The ogre shouts!
You slash the orc!
You kill the orc!
You have reached level 6!
You hit the adder.
The adder is heavily wounded.
You block the adder's attack. The adder bites you but does no damage.
The ogre barely misses you.
You barely miss the adder.
The adder is heavily wounded.
You hit the ogre. The adder closely misses you. x2
You hit the adder.
The adder is severely wounded.
You closely miss the ogre. The ogre hits you with a +0 giant club!
The adder closely misses you.
You hit the adder.
You kill the adder!
You closely miss the ogre. You hit the kobold.
You kill the kobold!
The ogre barely misses you.
The adder skeleton bites you but does no damage.
Your Fighting skill increases to level 4!
You slash the ogre!
The ogre is heavily wounded.
You slash the adder skeleton!
The ogre hits you with a +0 giant club!!
Ouch! That really hurt!
You die...

########..#.# #
###).#..
#.)..### #.#.##
#.#.#
#####.#.##
.......K.#
......)Z.#
.¤¤¤..O@)#
.¤¤¤...........
.¤.¤.....######
¤........#
##.......#
##......#
..####.# ### .#


You could see an ogre, a kobold and an adder skeleton.

Vanquished Creatures
  A scorpion (D:4)
  A necrophage (D:4)
  An iguana (D:4)
  Jessica (D:2)
  2 adders
  A worm (D:2)
  A dart slug (D:1)
  4 orcs (D:4)
  5 bats
  5 endoplasms
  A goblin (D:4)
  4 hobgoblins
  3 kobolds
  A ball python (D:1)
  A frilled lizard (D:1)
  3 rats
35 creatures vanquished.

Vanquished Creatures (others)
  2 withered plants (D:4)
2 creatures vanquished.

Grand Total: 37 creatures vanquished

Notes
Turn   | Place    | Note
-------+----------+-------------------------------------------
     0 | D:1      | qw the Gargoyle Fighter began the quest for the Orb.
     0 | D:1      | Reached XP level 1. HP: 14/14 MP: 1/1
     0 | D:1      | 0 ||| qw: Version: 0.2-a-10-g399e6c4
     0 | D:1      | 0 ||| qw: Game counter: 441
     0 | D:1      | 0 ||| qw: Always use a shield: true
     0 | D:1      | 0 ||| qw: God list: Okawaru
     0 | D:1      | 0 ||| qw: Allow faded altars: false
     0 | D:1      | 0 ||| qw: Do Orc after D:15 true
     0 | D:1      | 0 ||| qw: Do second Lair branch before Depths: true
     0 | D:1      | 0 ||| qw: Lair rune preference: random
     0 | D:1      | 0 ||| qw: Plans: Normal, Zot:1-4, God:TSO, Crypt, Tomb,
                  | Pan, Slime:5, Hells, Abyss, Orb
     0 | D:1      | 0 ||| PLANNING D:1-11
    18 | D:1      | Found a faded altar of an unknown god.
    61 | D:1      | Reached skill level 2 in Axes
   127 | D:1      | 127 ||| Stepping ~*~*~tactically~*~*~ (hiding).
   140 | D:1      | Reached XP level 2. HP: 14/19 MP: 2/2
   256 | D:1      | 256 ||| Stepping ~*~*~tactically~*~*~ (stealth).
   762 | D:1      | 762 ||| UPGRADING to ring of see invisible.
   763 | D:1      | 763 ||| READING scroll labelled MAXAMP MEHED.
   764 | D:1      | 764 ||| READING scroll labelled QUVAICROQO.
   765 | D:1      | 765 ||| READING scroll labelled WAM LANGIJO.
   766 | D:1      | 766 ||| DRINKING 3 metallic white potions.
   867 | D:1      | 867 ||| DROPPING 2 potions of ambrosia.
   933 | D:2      | Noticed Jessica
   945 | D:2      | Killed Jessica
   946 | D:2      | Reached skill level 3 in Axes
   946 | D:2      | Reached XP level 3. HP: 13/23 MP: 3/3
  1147 | D:2      | 1147 ||| STAIRDANCE
  1258 | D:1      | 1258 ||| DROPPING ring of magical power.
  1259 | D:1      | 1259 ||| READING scroll labelled ZOGE IQYME.
  1300 | D:2      | Reached XP level 4. HP: 28/28 MP: 4/4
  1442 | D:2      | 1442 ||| READING scroll labelled BEMINO MUTO.
  1443 | D:2      | 1443 ||| READING scroll labelled XANAASM ETIAMN.
  2168 | D:3      | 2168 ||| DROPPING scarf of shadows.
  2169 | D:3      | 2169 ||| READING scroll labelled NAFRAS MYON.
  2170 | D:3      | 2170 ||| DRINKING 2 grey potions.
  2171 | D:3      | 2171 ||| READING 3 scrolls of identify.
  2171 | D:3      | 2171 ||| IDENTIFYING glowing brown potion
  2172 | D:3      | 2172 ||| READING 2 scrolls of identify.
  2172 | D:3      | 2172 ||| IDENTIFYING murky yellow potion
  2173 | D:3      | 2173 ||| DROPPING potion of degeneration.
  2234 | D:4      | Noticed a necrophage
  2235 | D:4      | 2235 ||| Stepping ~*~*~tactically~*~*~ (stealth).
  2236 | D:4      | 2236 ||| Stepping ~*~*~tactically~*~*~ (stealth).
  2248 | D:4      | Killed a necrophage
  2249 | D:4      | Reached skill level 4 in Axes
  2249 | D:4      | Reached XP level 5. HP: 27/32 MP: 5/5
  2304 | D:4      | Reached skill level 5 in Axes
  2309 | D:4      | 2309 ||| Stepping ~*~*~tactically~*~*~ (stealth).
  2309 | D:4      | Noticed a phantom
  2310 | D:4      | 2310 ||| Stepping ~*~*~tactically~*~*~ (stealth).
  2312 | D:4      | 2312 ||| Stepping ~*~*~tactically~*~*~ (stealth).
  2323 | D:4      | HP: 8/33 [phantom (6)]
  2324 | D:4      | 2324 ||| READING scroll of teleportation.
  2325 | D:4      | 2325 ||| DRINKING 2 potions of heal wounds.
  2328 | D:4      | Noticed an ogre
  2330 | D:4      | Reached XP level 6. HP: 21/38 MP: 6/6
  2335 | D:4      | Mangled by an ogre

Levels and vault maps discovered:
D:1:      minmay_arrival_semitransparent, layout_loops_cross,
          hellmonk_ecumenical_altar_arch_garden, minmay_misc_feat_room,
          dreamdust_mushroom_princess, minmay_hedge_maze
D:2:      layout_rooms, uniq_jessica
D:3:      layout_basic, palyth_stone_intersect, chequers_mini_garden
D:4:      layout_loops_ring, mainiacjoe_overflow_surrounded_room, serial_undead,
          serial_undead_d, serial_undead_a, serial_undead_b, serial_undead_f,
          serial_undead_b, serial_undead_c, uniq_duvessa

Skill      XL: |  1  2  3  4  5  6 |
---------------+-------------------+-----
Axes           | 2 3 4 5 |  5.2
Fighting       | 4 |  4.1
Armour         | |  3.2
Shields        | |  3.2

Action                   |  1- 3 |  4- 6 || total
-------------------------+-------+-------++-------
Melee: War axe           |    76 |    51 ||   127
  Use: Scroll            |     4 |     6 ||    10
       Potion            |     1 |     2 ||     3
Armor: Scale mail        |    54 |    22 ||    76
Dodge: Dodged            |    51 |    25 ||    76
Block: Buckler           |    11 |     9 ||    20

Table legend:
 A = Non-vault XP
 B = Vault XP
 C = Vault XP percentage of total XP
 D = Non-vault monster count
 E = Vault monster count
 F = Vault count percentage of total count
                 A         B        C        D         E       F
            +---------+---------+-------+---------+---------+-------
      Total |     297 |      37 |  11.1 |      34 |       1 |   2.9
            +---------+---------+-------+---------+---------+-------
        D:1 |      36 |       0 |   0.0 |      14 |       0 |   0.0
        D:2 |      12 |      37 |  75.5 |       5 |       1 |  16.7
        D:3 |       7 |       0 |   0.0 |       4 |       0 |   0.0
        D:4 |     242 |       0 |   0.0 |      11 |       0 |   0.0
            +---------+---------+-------+---------+---------+-------
